 Dungeon Crawl Stone Soup version 0.30-a0-475-g03497ec522 (webtiles) character file.

Game seed: 4098581604577292140

476 Turgor the Chopper (level 6, -1/48 HPs)
             Began as a Demonspawn Gladiator on Dec 20, 2022.
             Was a Follower of Cheibriados.
             Slain by a gnoll sergeant
             ... wielding a +0 trident
              (6 damage)
             ... on level 5 of the Dungeon.
             The game lasted 00:24:04 (4244 turns).

Turgor the Chopper (Demonspawn Gladiator)           Turns: 4244, Time: 00:24:05

Health: -1/48      AC: 16    Str: 17    XL:     6   Next: 84%
Magic:  8/8        EV: 12    Int: 13    God:    Cheibriados [*.....]
Gold:   84         SH:  4    Dex: 16    Spells: 5/8 levels left

rFire   . . .      SeeInvis .    a - +0 war axe
rCold   . . .      Faith    .    (no shield)
rNeg    . . .      Spirit   .    g - +1 leather armour {rPois}
rPois   +          Reflect  .    (helmet restricted)
rElec   .          Harm     .    (no cloak)
rCorr   .          Rampage  .    h - +1 pair of gloves
Will    .....                    (no boots)
Stlth   +.........               (no amulet)
HPRegen 0.28/turn                l - +4 ring of protection
MPRegen 0.22/turn                q - ring of wizardry

@: sanguine armoured, very slow
A: antennae 1, magic regeneration, sanguine armour 1, condensation shield
a: Renounce Religion, Bend Time


You were on level 5 of the Dungeon.
You worshipped Cheibriados.
Cheibriados was aware of your devotion.
You visited 1 branch of the dungeon, and saw 5 of its levels.

You collected 182 gold pieces.
You spent 98 gold pieces at shops.

Inventory:

Hand Weapons
 a - a +0 war axe (weapon)
 s - a +0 sling
 y - the +1 trident of the Charred God {protect, *Rage Str+4 Int-5 Dex+6}
   (You found it on level 4 of the Dungeon)

   It grants its wielder temporary protection when it strikes (+7 to AC).
   Str:       It affects your strength (+4).
   Int:       It affects your intelligence (-5).
   Dex:       It affects your dexterity (+6).
   *Rage:     It berserks you when you make melee attacks (+20% chance).
Missiles
 c - 9 poisoned darts
 e - a javelin
 f - a throwing net
Armour
 g - a +1 leather armour of poison resistance (worn)
 h - a +1 pair of gloves (worn)
Jewellery
 l - a +4 ring of protection (left hand)
 q - a ring of wizardry (right hand)
 x - a ring of magical power
Scrolls
 i - a scroll of enchant weapon {unknown}
 n - a scroll of poison {unknown}
 o - a scroll of amnesia {unknown}
 p - 2 scrolls of vulnerability
 r - 4 scrolls of identify
 t - a scroll of immolation {unknown}
 z - 2 scrolls of magic mapping {unknown}
Potions
 b - 2 potions of cancellation
 d - 2 potions of brilliance
 m - a potion of flight
 w - 2 potions of magic {unknown}


   Skills:
 + Level 3.8 Fighting
 * Level 5.2 Axes
 - Level 2.0 Throwing
 - Level 3.0 Dodging
 + Level 1.6 Spellcasting
 + Level 1.5 Translocations
 + Level 1.5 Air Magic


You had 5 spell levels left.
You knew the following spells:

 Your Spells              Type           Power      Damage    Failure   Level
a - Vhi's Electric Charg  Tloc/Air       10%        N/A       21%         3

Your spell library contained the following spells:

 Spells                   Type           Power      Damage    Failure   Level
 Shock                    Conj/Air       12%        1d3       10%         1
 Swiftness                Air            5%         N/A       21%         3
 Dazzling Flash           Conj/Hex       2%         N/A       36%         3
 Airstrike                Air            2%         2d(1-17)  52%         4
 Arcjolt                  Conj/Air       1%         1d11      92%         5
 Silence                  Hex/Air        1%         N/A       92%         5
 Agony                    Necr           1%         N/A       97%         5
 Maxwell's Capacitive Co  Air            2%         ∞         100%        8


Dungeon Overview and Level Annotations

Branches:
Dungeon (5/15)             Temple (0/1) D:5

Altars:
Cheibriados
Kikubaaqudgha
Qazlal
Trog
Uskayaw
Vehumet
Yredelemnul

Shops:
D:4 [?(

Annotations:
D:4 2 transporters, Sermion's ghost, amateur DsBe


Innate Abilities, Weirdness & Mutations

You have a pair of small antennae on your head.
You regenerate magic rapidly.
When seriously injured, your blood forms armour. (AC +6)
A meltable shield of frost defends you. (SH +4)


Message History

You open the door.
An iguana comes into view.
Found an ancient bone altar of Kikubaaqudgha.
You slash the iguana!
The iguana is severely wounded.
The iguana bites you! The iguana bites you.
You slash the iguana!
You kill the iguana!
Cheibriados thoroughly appreciates the change of pace.
There is an open door, spattered with blood here.
You see here an iguana corpse.
There is an ancient bone altar of Kikubaaqudgha here.
You open the door.
There is an open door here.
Found a robe.
d - 2 potions of brilliance (gained 1)
A wyvern comes into view.
The wyvern moves out of view.
The gnoll sergeant shouts!
The wyvern hisses angrily.
The gnoll shouts!
You hear a shout!
The wyvern misses you. You block the wyvern's attack.
The gnoll sergeant closely misses you. The wyvern bites you!
There is an open door, spattered with blood here.
You see here an iguana corpse.
The wyvern attacks as you move away! The wyvern barely misses you.
The wyvern closely misses you.
You hit the wyvern.
The wyvern is lightly wounded.
The wyvern bites you!
Your blood congeals into armour.
The gnoll sergeant closely misses you. The wyvern bites you!
* * * LOW HITPOINT WARNING * * *
You slash the wyvern!
The wyvern is heavily wounded.
The gnoll sergeant hits you from afar with a +0 trident.
* * * LOW HITPOINT WARNING * * *
The wyvern bites you.
* * * LOW HITPOINT WARNING * * *
The gnoll sergeant hits you from afar with a +0 trident.
You die...

....# #........#...# ...##
#........#.#.# ###########
...#
#.......g#.#.###..........
...#
#........#.#..##.#########
...# #.......g#.##.##.#
#........#.......#
#.......gg...##..#
#.......#l#(.##..#
####.##.#@#......#
#.##.#.#.##...#
#.#..#.#......#
#.#.##.##..#..#
#...#...#..##>#
###.#._.#..#### #.#...#..#
#.##.##[.# #..#.#...#


You could see a wyvern, a gnoll sergeant and 3 gnolls.

Vanquished Creatures
  A scorpion (D:4)
  2 jellies (D:5)
  A gnoll bouda (D:2)
  2 hounds
  An orc priest (D:3)
  2 iguanas (D:5)
  An orc wizard (D:3)
  Robin (D:2)
  3 adders
  4 gnolls
  5 worms
  3 orcs (D:3)
  4 ball pythons
  4 endoplasms (D:1)
  A giant cockroach (D:1)
  15 goblins
  10 hobgoblins
  3 quokkas
  5 bats
  3 frilled lizards
  5 kobolds
  4 rats
80 creatures vanquished.

Vanquished Creatures (others)
  3 plants (D:1)
3 creatures vanquished.

Grand Total: 83 creatures vanquished

Notes
Turn   | Place    | Note
-------+----------+-------------------------------------------
     0 | D:1      | Turgor the Demonspawn Gladiator began the quest for the
                  | Orb.
     0 | D:1      | Reached XP level 1. HP: 16/16 MP: 1/1
   129 | D:1      | Gained mutation: You regenerate magic rapidly. [demonic
                  | ancestry]
   129 | D:1      | Reached XP level 2. HP: 21/22 MP: 2/2
   305 | D:1      | Reached skill level 3 in Axes
   447 | D:1      | Found a faded altar of an unknown god.
   797 | D:2      | Noticed Robin
   817 | D:2      | Gained mutation: When seriously injured, your blood forms
                  | armour. (AC +6) [demonic ancestry]
   817 | D:2      | Reached XP level 3. HP: 28/28 MP: 3/3
   983 | D:2      | Gained mutation: You have a pair of small antennae on your
                  | head. [demonic ancestry]
   983 | D:2      | Reached XP level 4. HP: 18/34 MP: 4/4
  1149 | D:2      | Reached skill level 4 in Axes
  1336 | D:2      | Killed Robin
  1962 | D:3      | Noticed a moth of wrath
  1965 | D:3      | Found a bloodstained altar of Trog.
  1986 | D:3      | Gained mutation: A meltable shield of frost defends you.
                  | (SH +4) [demonic ancestry]
  1986 | D:3      | Reached XP level 5. HP: 41/41 MP: 5/5
  2134 | D:3      | Found a basalt altar of Yredelemnul.
  2135 | D:3      | Found a stormy altar of Qazlal.
  2137 | D:3      | Found a hide-covered altar of Uskayaw.
  2149 | D:3      | Found a snail-covered altar of Cheibriados.
  2193 | D:3      | Learned a level 3 spell: Vhi's Electric Charge
  2209 | D:3      | Became a worshipper of Cheibriados the Contemplative
  3022 | D:4      | Found a transporter.
  3024 | D:4      | Noticed Sermion's ghost (amateur DsBe)
  3028 | D:4      | Found a transporter.
  3092 | D:4      | Found Bobe's Armour Emporium.
  3120 | D:4      | Reached skill level 1 in Air Magic
  3121 | D:4      | Reached * piety under Cheibriados
  3148 | D:4      | Found Turino's Magic Scroll Shoppe.
  3156 | D:4      | Bought a scroll of fear for 56 gold pieces
  3156 | D:4      | Bought a scroll of teleportation for 42 gold pieces
  3157 | D:4      | Found Otiyfri's Antique Weapon Shop.
  3354 | D:4      | Reached skill level 1 in Spellcasting
  3354 | D:4      | Reached skill level 1 in Translocations
  3354 | D:4      | Reached XP level 6. HP: 47/47 MP: 7/7
  3502 | D:4      | Identified the +1 trident of the Charred God {protect,
                  | *Rage Str+4 Int-5 Dex+6}
  3619 | D:5      | Entered Level 5 of the Dungeon
  3642 | D:5      | Found a radiant altar of Vehumet.
  3693 | D:5      | Reached skill level 5 in Axes
  4029 | D:5      | Found a staircase to the Ecumenical Temple.
  4034 | D:5      | Noticed an ice beast
  4138 | D:5      | Found an ancient bone altar of Kikubaaqudgha.
  4228 | D:5      | Noticed a wyvern
  4244 | D:5      | Slain by a gnoll sergeant

Illustrated notes

Levels and vault maps discovered:
D:1:      minmay_arrival_four_houses, layout_basic,
          shapermc_ecumenical_altar_acropolis, minmay_tromino_v4_b
D:2:      layout_basic, nicolae_kite_square_tiling_tiny, uniq_robin
D:3:      layout_basic, tgw_trog, mainiacjoe_overflow_alcove_3, feat_on_display
D:4:      layout_basic, gammafunk_ghost_mausoleum, serial_shops,
          nicolae_lakefront_shop, shop_fountains, shop
D:5:      layout_basic, lemuel_crystal_altar,
          mainiacjoe_overflow_concentric_impassable,
          mainiacjoe_overflow_surrounded_room, minmay_temple_entry_sparse_star

Skill      XL: |  1  2  3  4  5  6 |
---------------+-------------------+-----
Axes           | 3 4 5 |  5.2
Throwing       | 2 |  2.0
Dodging        | 3 |  3.0
Fighting       | 3 |  3.8
Air Magic      | 1 |  1.5
Spellcasting   | 1 |  1.6
Translocations | 1 |  1.5

Action                   |  1- 3 |  4- 6 || total
-------------------------+-------+-------++-------
Melee: War axe           |    89 |   204 ||   293
       Punch             |       |     2 ||     2
Throw: Stone             |    15 |       ||    15
       Throwing net      |     3 |     1 ||     4
       Dart              |       |     4 ||     4
 Cast: Vhi's Electric Ch |       |     1 ||     1
  Use: Scroll            |       |     7 ||     7
       Potion            |       |     2 ||     2
Armor: Leather armour    |    35 |    79 ||   114
Dodge: Dodged            |    35 |   148 ||   183
Block: Other             |       |    25 ||    25

Table legend: (Time is in decaauts)
 A = Elapsed time spent in this place.
 B = Non-inter-level travel time spent in this place.
 C = Inter-level travel time spent in this place.
 D = Time resting spent in this place.
 E = Time spent auto-exploring this place.
 F = Levels seen in this place.
 G = Mean time per level.
                   A        B        C        D        E       F      G
               +--------+--------+--------+--------+--------+-----+--------+
         Total |   4820 |   4626 |    194 |    212 |   2994 |   5 |  964.0 |
       Dungeon |   4820 |   4626 |    194 |    212 |   2994 |   5 |  964.0 |
               +--------+--------+--------+--------+--------+-----+--------+

Top non-repeatable levels by time:
     D:3: 1132 daAuts
     D:4: 1093 daAuts
     D:2: 1083 daAuts
     D:5: 778 daAuts
     D:1: 732 daAuts
